 Dungeon Crawl Stone Soup version 0.21-a0-210-gbfa5647 (webtiles) character file.

218924 namelastname112 the Lord of Darkness (level 17, -2/156 HPs)
             Began as a Green Draconian Necromancer on Aug 21, 2017.
             Was the Champion of Kikubaaqudgha.
             Slain by a wolf spider (7 damage)
             ... on level 1 of the Vaults.
             The game lasted 02:07:14 (41321 turns).

namelastname112 the Lord of Darkness (DrNe)        Turns: 41321, Time: 02:07:15

Health: -2/156     AC: 13    Str: 10    XL:     17   Next: 99%
Magic:  16/43      EV: 20    Int: 28    God:    Kikubaaqudgha [******]
Gold:   2759       SH:  7    Dex: 13    Spells: 5/42 levels left

rFire    . . .     SeeInvis .   G - +1 dagger (pain)
rCold    + . .     Gourm    .   L - +2 buckler
rNeg     . . .     Faith    .   (armour unavailable)
rPois    +         Spirit   .   (helmet restricted)
rElec    .         Reflect  .   Z - +0 cloak
rCorr    .         Harm     .   k - +0 pair of gloves
MR       +....                  q - +1 pair of boots
Stlth    ++........             n - amulet of magic regeneration
HPRegen  1.36/turn              d - ring "Burph" {MP+9 Dex+2}
MPRegen  0.53/turn              a - +4 ring of intelligence

@: about to teleport, death channel, regenerating
A: breathe noxious fumes, unfitting armour, antennae 1, stinger 1, cold
resistance 1, poison resistance, wild magic 1, cold-blooded, AC +9
}: 2/15 runes: decaying, serpentine
a: Breathe Noxious Fumes, Receive Corpses, Torment, Renounce Religion


You were on level 1 of the Vaults.
You worshipped Kikubaaqudgha.
Kikubaaqudgha was exalted by your worship.
You were hungry.

You visited 8 branches of the dungeon, and saw 35 of its levels.
You also visited: Bailey and Ice Cave.

You collected 3988 gold pieces.
You spent 1229 gold pieces at shops.

Inventory:

Hand Weapons
 G - a +1 dagger of pain (weapon)
 P - a +1 dagger of electrocution
Missiles
 p - 6 throwing nets (quivered)
Armour
 k - a +0 pair of gloves (worn)
 q - a +1 pair of boots (worn)
 L - a +2 buckler (worn)
 Z - a +0 cloak (worn)
Magical Staves
 i - an uncursed staff of wizardry
 O - an uncursed staff of death
Jewellery
 a - a +4 ring of intelligence (right hand)
 c - an uncursed ring of see invisible
 d - the ring "Burph" (left hand) {MP+9 Dex+2}
   (You found it on level 7 of the Dungeon)

   [ring of magical power]

   It affects your dexterity (+2).
   It affects your magic capacity (+9).
 n - an amulet of magic regeneration (around neck)
Wands
 f - a wand of digging (15/24)
 v - a wand of disintegration (16/24)
 D - a wand of lightning (5/15)
 I - a wand of disintegration (15/24)
 U - a wand of clouds (7/9)
Scrolls
 m - 16 scrolls of remove curse
 u - 6 scrolls of amnesia
 y - 7 scrolls of enchant weapon
 B - 12 scrolls of teleportation
 C - a scroll of summoning
 F - 3 scrolls of enchant armour
 J - 19 scrolls of identify
 N - 3 scrolls of blinking
 Q - 4 scrolls of magic mapping
 W - 2 scrolls of torment
 X - 2 scrolls of fog
 Y - 7 scrolls of recharging
Potions
 g - 4 potions of heal wounds
 h - 6 potions of invisibility
 j - 4 potions of haste
 l - 9 potions of brilliance
 o - a potion of cancellation
 r - 3 potions of magic
 s - 4 potions of flight
 t - 18 potions of curing
 x - 4 potions of agility
 H - 3 potions of berserk rage
 M - a potion of resistance
 R - a potion of might
 T - a potion of ambrosia
Books
 K - a Necronomicon

   Spells                             Type                      Level
   a - Haunt                          Necromancy/Summoning         7
   b - Borgnjor's Revivification      Necromancy                   8
   c - Death's Door                   Charms/Necromancy            8
   d - Infestation                    Necromancy                   8
   e - Necromutation                  Transmutation/Necromancy     8
Miscellaneous
 z - a lightning rod (4/4)
 S - 2 sacks of spiders
Comestibles
 b - 17 bread rations
 w - 6 meat rations
 A - 3 chunks of flesh
 V - 9 fruits


   Skills:
 + Level 15.2 Fighting
 - Level 11.0 Short Blades
   Level 1.4 Maces & Flails
 + Level 13.1 Dodging
 - Level 1.7 Stealth
 - Level 5.0 Shields
 + Level 13.2 Spellcasting
 * Level 18.0 Necromancy
 - Level 3.8 Ice Magic


You had 5 spell levels left.
You knew the following spells:

 Your Spells              Type           Power        Failure   Level  Hunger
a - Animate Skeleton      Necr           N/A          1%          1    None
b - Animate Dead          Necr           N/A          1%          4    None
c - Dispel Undead         Necr           ########     1%          5    ##.....
d - Regeneration          Chrm/Necr      ######....   1%          3    None
e - Infestation           Necr           ########..   16%         8    #######
f - Simulacrum            Ice/Necr       #######...   8%          6    ####...
s - Death Channel         Necr           ########..   1%          6    ####...
x - Vampiric Draining     Necr           ########..   1%          3    None
z - Pain                  Necr           ####         1%          1    None


Dungeon Overview and Level Annotations

Branches:
Dungeon (15/15)            Temple (1/1) D:6            Lair (6/6) D:11
  Swamp (4/4) Lair:2        Snake (4/4) Lair:4        Slime (0/5) Lair:6
    Orc (2/2) D:12            Elf (2/3) Orc:2        Vaults (1/5) D:14
 Depths (0/5) D:15

Altars:
Ashenzari
Cheibriados
Elyvilon
Gozag
Hepliaklqana
Kikubaaqudgha
Makhleb
Nemelex Xobeh
Okawaru
Qazlal
Ru
Sif Muna
Trog
Uskayaw
Vehumet
Wu Jian
Xom
Yredelemnul
The Shining One
Beogh
Jiyva

Shops:
D:8 :   D:12 =   D:13 ?:((   D:14 %   Orc:2 (:*[   Elf:1 }   Elf:2 (
Snake:2 (?[!   Snake:3 ?   Vaults:1 =%?

Annotations:
D:4 chonchonts's ghost, novice MiFi
D:11 exclusion: oklob plant
D:13 exclusion: fire elemental
Elf:2 3 runed doors


Innate Abilities, Weirdness & Mutations

You can breathe blasts of noxious fumes.
Your lurid green scales are hard. (AC +9)
You cannot fit into any form of body armour.
Your tail ends in a poisonous barb.
Your system is resistant to poisons. (rPois)
You are cold-blooded and may be slowed by cold attacks.
You have a pair of small antennae on your head.
Your flesh is cold resistant. (rC+)
Your spells are a little harder to cast, but a little more powerful.


Message History

The vault sentinel hits your ogre simulacrum with a war axe!
Your ogre simulacrum vapourises!
A yaktaur captain opens the door.
The ironbrand convoker points at the orc knight and mumbles some strange words.
The orc knight seems to grow stronger.
The vault warden activates a sealing rune.
The doors slam shut!
You take 1 damage, and have 31/156 hp.
Something hits you!
* * * LOW HITPOINT WARNING * * *
The centaur warrior wields a glowing shortbow.
It is covered in frost.
The centaur warrior shoots an arrow.
The arrow hits your ogre simulacrum!!
Your ogre simulacrum vapourises!
The wolf spider misses you. You block the wolf spider's attack.
The wolf spider hits you!
* * * LOW HITPOINT WARNING * * *
The wolf spider bites you!
You die...
Kikubaaqudgha rasps: "You have failed me!
Welcome... death!"

#......# #..# #......# #s## #####
#......# #.# #...( #......# #s##
#.#.# #......# #..## #....
#).....# #...# #.#.#
#####+#+########+######....
####..po..c.{.s..........#.#.#
#.)'.†§.p..pu@...........'..ZZ
#..#.(c†§p...............'.#.#
.c#p{#.÷.†Z...^............#.Z.Z
..pcp{#.....................#.#.#
..o#pc#.....................#....
...#..#.....................####+
..)#..#...................^.# #..
## ####................†....# #..
#.....................# #..


You could see a vault warden, a yaktaur captain, a vault guard, an orc knight, a
brown ugly thing, a wolf spider, a centaur warrior, a vault sentinel, an
ironbrand convoker and a friendly orc simulacrum.

Vanquished Creatures
  2 nagarajas (Snake:2)
  A frost giant (IceCv)
  A vault warden (Vaults:1)
  A deep elf annihilator (Elf:2)
  The ghost of chonchonts the Cleaver, a journeyman MiFi of Okawaru (D:14)
  An ettin (D:15)
  A yaktaur captain (D:15)
  2 ogre magi
  A vault guard (Vaults:1)
  A naga warrior (Snake:4)
  8 hydras
  2 centaur warriors (D:15)
  A ghost crab (Swamp:4)
  A dancing weapon (Elf:2)
  2 anacondas
  9 two-headed ogres
  2 alligators
  A tengu warrior (D:15)
  2 death yaks (IceCv)
  An orc high priest (Orc:2)
  A deep elf knight (Elf:2)
  Urug (Lair:2)
  2 naga sharpshooters
  2 shock serpents
  Nergalle (Lair:2)
  A skeletal warrior (D:14)
  5 spriggan druids
  3 unseen horrors
  3 swamp dragons
  A shambling mangrove (Swamp:2)
  A deep troll (Vaults:1)
  5 deep elf archers
  A wizard (Vaults:1)
  An ironbrand convoker (Vaults:1)
  2 orc knights (Vaults:1)
  2 wolf spiders (Vaults:1)
  A mana viper (shapeshifter) (Vaults:1)
  3 mana vipers
  A phantasmal warrior (D:14)
  22 deep elf magi
  A necromancer (Vaults:1)
  4 ugly things
  2 manticores (D:15)
  2 salamanders
  5 cyclopes
  3 elephants (Lair:2)
  A black mamba (shapeshifter) (Vaults:1)
  7 naga magi
  A guardian serpent (Snake:2)
  11 black mambas
  7 spiny frogs
  A gargoyle (D:13)
  A rime drake (IceCv)
  A freezing wraith (D:14)
  An efreet (D:13)
  3 komodo dragons
  A kobold demonologist (D:15)
  3 yaktaurs (Vaults:1)
  3 trolls
  4 hornets
  6 polar bears
  2 tyrant leeches
  11 slime creatures
  12 blink frogs
  5 bog bodies
  5 hippogriffs
  7 dream sheep
  2 air elementals (Elf:2)
  A shadow (Swamp:2)
  2 wyverns
  27 yaks
  6 spriggans
  A wraith (D:13)
  2 basilisks
  10 vampire mosquitoes
  4 hungry ghosts
  10 swamp worms
  An insubstantial wisp (Swamp:2)
  23 nagas
  4 water moccasins
  2 acid dragons
  27 orc warriors
  4 sky beasts
  A black bear (shapeshifter) (Vaults:1)
  2 ice beasts
  4 porcupines
  2 black bears
  2 phantoms
  12 ogres
  6 swamp drakes
  An eye of draining (D:11)
  5 boggarts
  18 centaurs
  36 wolves
  4 crocodiles
  2 big kobolds (D:9)
  8 bullfrogs
  5 scorpions
  10 killer bees
  A wight (D:15)
  An electric eel (Lair:5)
  A howler monkey (D:9)
  8 crimson imps
  A quasit (D:11)
  4 bullfrog zombies
  5 hounds
  7 orc priests
  3 centaur zombies
  A jelly (D:10)
  A bullfrog skeleton (D:7)
  6 centaur skeletons
  4 iguanas
  18 orc wizards
  10 worker ants
  2 hound zombies
  A howler monkey skeleton (D:7)
  8 adders
  2 shadow imps
  2 oozes
  3 worms
  2 dart slugs (D:1)
  7 leopard geckos
  68 orcs
  7 bats
  6 giant cockroaches
  13 goblins
  7 hobgoblins
  9 jackals
  14 kobolds
  3 quokkas
  4 ball pythons
  A frilled lizard (D:5)
  A jackal skeleton (D:7)
  A leopard gecko skeleton (D:5)
  9 rats
695 creatures vanquished.

Vanquished Creatures (collateral kills)
  the Lernaean hydra (Swamp:4)
  4 thorn hunters
  Roxanne (Snake:2)
  A deep elf sorcerer (Elf:1)
  7 nagarajas (Snake:4)
  Louise (D:14)
  2 orc warlords (Orc:2)
  A vault warden (Vaults:1)
  2 ironheart preservers (Vaults:1)
  An entropy weaver (Vaults:1)
  A deep elf death mage (Elf:2)
  A fire dragon (Vaults:1)
  A yaktaur captain (Vaults:1)
  A great orb of eyes (Vaults:1)
  Harold (Lair:4)
  18 hydras
  2 ogre magi (Vaults:1)
  6 anacondas
  6 centaur warriors
  14 naga warriors
  2 alligators (Swamp:3)
  A catoblepas (Lair:4)
  8 two-headed ogres
  A death knight (D:14)
  An orc high priest (Orc:2)
  3 dancing weapons
  14 naga sharpshooters
  5 shock serpents
  6 deep elf knights
  2 salamander mystics (Snake:4)
  3 deep trolls (Vaults:1)
  A spriggan druid (Swamp:3)
  2 shambling mangroves
  10 naga ritualists
  6 swamp dragons (Swamp:4)
  2 deep elf archers (Elf:2)
  3 ironbrand convokers (Vaults:1)
  7 orc knights
  A wolf spider (D:15)
  An orb spider (shapeshifter) (Vaults:1)
  13 mana vipers
  13 deep elf magi
  A harpy (Vaults:1)
  2 orc sorcerers
  3 manticores
  3 oklob plants (Lair:5)
  A salamander (shapeshifter) (Vaults:1)
  2 ugly things
  2 cyclopes
  5 salamanders
  2 elephants (Lair:2)
  37 black mambas
  4 guardian serpents
  An ice statue (IceCv)
  A vault sentinel (Vaults:1)
  A black mamba (shapeshifter) (Vaults:1)
  A stone giant skeleton (Vaults:1)
  19 naga magi
  2 centaur skeletons (D:14)
  2 gargoyles (D:14)
  7 spiny frogs
  A human zombie (Vaults:1)
  A rime drake (Lair:5)
  2 komodo dragons
  11 yaktaurs (Vaults:1)
  An efreet (D:15)
  2 trolls
  4 tyrant leeches
  A hornet (shapeshifter) (Elf:2)
  14 hornets
  A bog body (Swamp:4)
  10 polar bears
  2 dream sheep
  A wind drake (shapeshifter) (D:14)
  12 slime creatures
  13 blink frogs
  2 hippogriffs
  A stone giant simulacrum (Vaults:1)
  An air elemental (Elf:1)
  A shadow (D:14)
  A water elemental (Elf:1)
  17 spriggans
  An ettin skeleton (Vaults:1)
  2 basilisks
  19 yaks
  2 wraiths (D:14)
  7 vampire mosquitoes
  A hungry ghost (D:14)
  2 wargs
  12 swamp worms
  An acid dragon (shapeshifter) (Elf:1)
  13 insubstantial wisps
  2 acid dragons
  3 water moccasins
  44 nagas
  2 porcupines
  33 orc warriors
  2 black bears (Lair:6)
  An ice beast (D:12)
  7 swamp drakes
  4 boggarts
  15 wolves
  6 ogres
  7 centaurs
  A big kobold (D:12)
  7 crocodiles
  5 bullfrogs
  A glowing shapeshifter simulacrum (Vaults:1)
  A human simulacrum (Vaults:1)
  A jelly (D:14)
  2 killer bees (D:8)
  4 wights (D:15)
  2 crimson imps (D:15)
  A centaur zombie (D:11)
  6 orc priests
  4 orc wizards
  An iguana (D:8)
  2 worker ants
  An adder (Snake:2)
  A worm (D:3)
  33 orcs
  A ball python (Snake:2)
  A jackal (D:4)
  8 kobolds
  A rat (D:3)
  31 fungi
  19 plants
692 creatures vanquished.

Vanquished Creatures (others)
  An unseen horror (Vaults:1)
  A deep elf mage (Elf:2)
  A spriggan (Swamp:4)
  4 yaks (IceCv)
  A naga (Snake:4)
  5 wolves (IceCv)
  A kobold (D:15)
  19 fungi
  11 plants
44 creatures vanquished.

Grand Total: 1431 creatures vanquished

Notes
Turn   | Place    | Note
-------+----------+-------------------------------------------
     0 | D:1      | namelastname112 the Draconian Necromancer began the quest for the Orb.
     0 | D:1      | Reached XP level 1. HP: 14/14 MP: 3/3
   202 | D:1      | Learned a level 1 spell: Animate Skeleton
   479 | D:1      | Reached XP level 2. HP: 17/22 MP: 0/5
  1087 | D:1      | Reached XP level 3. HP: 21/27 MP: 2/6
  1247 | D:2      | Learned a level 3 spell: Vampiric Draining
  1501 | D:2      | epen: Ебать
  1562 | D:2      | epen: Ты единственный кто на хтахуа играет
  1562 | D:2      | namelastname112: че
  1562 | D:2      | epen: играешь*
  1562 | D:2      | namelastname112: лол
  1562 | D:2      | namelastname112: ну хули
  1562 | D:2      | namelastname112: спят все
  1563 | D:2      | epen: дксс умер
  1570 | D:2      | epen: онлайна нет
  1623 | D:2      | Reached skill level 1 in Fighting
  1830 | D:2      | epen: призраки не людей а ботов
  1861 | D:2      | epen: отписка
  1948 | D:2      | epen: раньше было лучше
  2186 | D:2      | epen: ножом надо было трупы разделывать
  2393 | D:2      | epen: в фонтанах пить можно было
  2414 | D:3      | Found a white marble altar of Elyvilon.
  2432 | D:3      | epen: Рог в аду был не просто так
  2455 | D:3      | Reached XP level 4. HP: 14/36 MP: 1/8
  2723 | D:3      | Learned a level 3 spell: Regeneration
  3305 | D:4      | Noticed an orc warrior
  3307 | D:4      | Noticed chonchonts's ghost (novice MiFi)
  3307 | D:4      | Reached XP level 5. HP: 35/41 MP: 1/9
  3451 | D:4      | Noticed an ogre
  3724 | D:4      | Killed an ogre
  3724 | D:4      | Reached skill level 5 in Necromancy
  3820 | D:5      | Entered Level 5 of the Dungeon
  3853 | D:5      | Reached XP level 6. HP: 33/50 MP: 4/11
  4457 | D:6      | Found a staircase to the Ecumenical Temple.
  4457 | D:6      | Noticed a hungry ghost
  4457 | D:6      | Noticed a sky beast
  4465 | Temple   | Entered the Ecumenical Temple
  4572 | Temple   | Became a worshipper of Kikubaaqudgha
  4668 | D:5      | Killed a sky beast
  4668 | D:5      | Reached skill level 6 in Necromancy
  4668 | D:5      | Your scales start taking on a lurid green colour.
  4668 | D:5      | Reached XP level 7. HP: 46/57 MP: 2/12
  4668 | D:5      | Gained mutation: Your system is resistant to poisons. (rPois) [Green Draconian growth]
  4765 | D:6      | Killed a hungry ghost
  5668 | D:6      | Reached skill level 7 in Necromancy
  5668 | D:6      | Reached XP level 8. HP: 61/66 MP: 14/14
  5715 | D:6      | Gained mutation: You are somewhat resistant to further mutation. [potion of mutation]
  5715 | D:6      | Gained mutation: You are resistant to electric shocks. (rElec) [potion of mutation]
  5716 | D:6      | Lost mutation: You are somewhat resistant to further mutation. [potion of mutation]
  5716 | D:6      | Lost mutation: You are resistant to electric shocks. (rElec) [potion of mutation]
  5716 | D:6      | Gained mutation: Your mind is acute. (Int +2) [potion of mutation]
  5716 | D:6      | Gained mutation: You tend to lose your temper in combat. [potion of mutation]
  5716 | D:6      | Gained mutation: Your muscles are strong. (Str +2) [potion of mutation]
  5716 | D:6      | Gained mutation: You passively map a small area around you. [potion of mutation]
  5717 | D:6      | Lost mutation: Your muscles are strong. (Str +2) [potion of mutation]
  5717 | D:6      | Lost mutation: Your mind is acute. (Int +2) [potion of mutation]
  5717 | D:6      | Gained mutation: You have a pair of small antennae on your head. [potion of mutation]
  5718 | D:6      | Lost mutation: You tend to lose your temper in combat. [potion of mutation]
  5718 | D:6      | Lost mutation: You have a pair of small antennae on your head. [potion of mutation]
  5718 | D:6      | Lost mutation: You passively map a small area around you. [potion of mutation]
  5718 | D:6      | Gained mutation: Your flesh is cold resistant. (rC+) [potion of mutation]
  5718 | D:6      | Gained mutation: You have a pair of small antennae on your head. [potion of mutation]
  5718 | D:6      | Gained mutation: Your spells are a little harder to cast, but a little more powerful. [potion of mutation]
  5856 | D:7      | Got a vibrating iron ring
  5865 | D:7      | Identified the ring "Burph" {MP+9 Dex+2} (You found it on level 7 of the Dungeon)
  6013 | D:7      | Reached * piety under Kikubaaqudgha
  6013 | D:7      | Identified Kikubaaqudgha's Tome of Darkness (Kikubaaqudgha gifted it to you on level 7 of the Dungeon)
  6013 | D:7      | Received a gift from Kikubaaqudgha
  6165 | D:7      | Found a sacrificial altar of Ru.
  6223 | D:7      | Reached skill level 5 in Spellcasting
  6225 | D:7      | Reached skill level 5 in Fighting
  6338 | D:7      | Found a white marble altar of Elyvilon.
  6555 | D:7      | Reached skill level 8 in Necromancy
  6601 | D:7      | Found an ornate altar of the Wu Jian Council.
  6676 | D:7      | Found an opulent altar of Gozag.
  6679 | D:7      | Found a glowing golden altar of the Shining One.
  6841 | D:8      | Reached XP level 9. HP: 51/74 MP: 17/17
  6869 | D:8      | Learned a level 4 spell: Animate Dead
  6903 | D:8      | Found a flagged portal.
  6929 | Bailey   | Entered a bailey
  6935 | Bailey   | Reached skill level 5 in Dodging
  7013 | Bailey   | Reached ** piety under Kikubaaqudgha
  7443 | Bailey   | Reached skill level 9 in Necromancy
  8758 | D:8      | Reached XP level 10. HP: 61/84 MP: 19/19
  8921 | D:8      | Reached skill level 10 in Necromancy
  8970 | D:8      | Found Bipyttoog's Book Shoppe.
  9149 | D:9      | Found an opulent altar of Gozag.
  9155 | D:9      | Reached *** piety under Kikubaaqudgha
  9155 | D:9      | Identified Kikubaaqudgha's Reference Book on Stolen Souls (Kikubaaqudgha gifted it to you on level 9 of the Dungeon)
  9155 | D:9      | Received a gift from Kikubaaqudgha
  9163 | D:9      | Learned a level 5 spell: Dispel Undead
  9534 | D:9      | Reached skill level 1 in Maces & Flails
  9834 | D:10     | Entered Level 10 of the Dungeon
 10240 | D:10     | Noticed a two-headed ogre
 10250 | D:10     | Killed a two-headed ogre
 10250 | D:10     | Reached skill level 1 in Short Blades
 10379 | D:10     | Identified a scroll of acquirement
 10824 | D:11     | Noticed a two-headed ogre
 10833 | D:11     | Killed a two-headed ogre
 10833 | D:11     | Reached skill level 11 in Necromancy
 11004 | D:11     | Reached XP level 11. HP: 20/94 MP: 21/22
 11006 | D:11     | Reached **** piety under Kikubaaqudgha
 11618 | D:11     | Noticed an unseen horror
 11695 | D:11     | Killed an unseen horror
 11741 | D:11     | Found a staircase to the Lair.
 11840 | D:11     | Found an opulent altar of Gozag.
 11840 | D:11     | Noticed an oklob plant
 11886 | D:11     | Learned a level 6 spell: Death Channel
 11955 | D:12     | Found a frozen archway.
 12044 | IceCv    | Entered an ice cave
 13247 | IceCv    | Reached skill level 12 in Necromancy
 13406 | IceCv    | Noticed a death yak
 13439 | IceCv    | Noticed a death yak
 13442 | IceCv    | Killed a death yak
 13452 | IceCv    | Killed a death yak
 13460 | IceCv    | Reached XP level 12. HP: 34/104 MP: 5/24
 13649 | IceCv    | Noticed a frost giant
 13672 | IceCv    | Killed a frost giant
 14079 | D:12     | Found Bonwamos's Jewellery Boutique.
 14246 | D:12     | Reached skill level 5 in Short Blades
 14261 | D:12     | Noticed a two-headed ogre
 14303 | D:12     | Killed a two-headed ogre
 14540 | D:12     | Found a staircase to the Orcish Mines.
 14545 | D:12     | Found a roughly hewn altar of Beogh.
 14546 | D:12     | Noticed a two-headed ogre
 14559 | D:12     | Reached ***** piety under Kikubaaqudgha
 14572 | D:12     | Killed a two-headed ogre
 14609 | D:12     | Reached skill level 13 in Necromancy
 14852 | D:13     | Found Suit's Antique Weapon Boutique.
 14911 | D:13     | Found Iwomp's Magic Scroll Shoppe.
 14980 | D:13     | Found a labyrinth entrance.
 15080 | D:13     | Reached skill level 10 in Fighting
 15188 | D:13     | Found Elu Touvoati's Weapon Boutique.
 15366 | D:13     | Bought a scroll of blinking for 112 gold pieces
 15398 | D:13     | Found Futyb's General Store.
 15535 | D:14     | Noticed chonchonts's ghost (journeyman MiFi)
 15555 | D:14     | Killed chonchonts's ghost
 15674 | D:14     | Got a translucent battleaxe
 15675 | D:14     | Identified the +6 battleaxe of Entrepreneurial Spirit {chop, rElec rF+ rC-} (You found it on level 14 of the Dungeon)
 15882 | D:14     | Noticed Louise
 15951 | D:14     | Noticed a two-headed ogre
 15952 | D:14     | Noticed a two-headed ogre
 15977 | D:14     | Killed a two-headed ogre
 15984 | D:14     | Noticed an ogre mage
 15992 | D:14     | Killed an ogre mage
 16015 | D:14     | Killed a two-headed ogre
 16046 | D:14     | Found a gate to the Vaults.
 16138 | D:14     | Noticed a centaur warrior
 16155 | D:14     | Killed a centaur warrior
 16176 | D:14     | Reached XP level 13. HP: 105/114 MP: 24/26
 16257 | D:14     | Found a sacrificial altar of Ru.
 16465 | Lair:1   | Entered Level 1 of the Lair of Beasts
 17617 | Lair:2   | Found a staircase to the Swamp.
 17750 | Lair:2   | Noticed Nergalle
 17771 | Lair:2   | Killed Nergalle
 19029 | Lair:4   | Noticed Harold
 19051 | Lair:4   | Killed Harold
 19079 | Lair:4   | Found a staircase to the Snake Pit.
 19208 | Lair:4   | Found a basalt altar of Yredelemnul.
 19332 | Lair:4   | Reached ****** piety under Kikubaaqudgha
 19421 | Lair:4   | Reached skill level 10 in Spellcasting
 20306 | Lair:5   | Reached skill level 14 in Necromancy
 20831 | Lair:6   | Entered Level 6 of the Lair of Beasts
 21112 | Lair:6   | Gained mutation: Your tail ends in a poisonous barb. [Green Draconian growth]
 21112 | Lair:6   | Reached XP level 14. HP: 93/125 MP: 28/28
 21200 | Lair:6   | Reached skill level 10 in Dodging
 21932 | Lair:6   | Found a runed door.
 22089 | Lair:6   | Found a viscous altar of Jiyva.
 22089 | Lair:6   | Found a staircase to the Slime Pits.
 22214 | Lair:1   | Received a gift from Kikubaaqudgha
 22225 | Lair:1   | Learned a level 8 spell: Infestation
 22331 | Orc:1    | Entered Level 1 of the Orcish Mines
 22750 | Orc:2    | Entered Level 2 of the Orcish Mines
 22818 | Orc:2    | Found Loteot's Antique Armour Boutique.
 22830 | Orc:2    | Bought a cloak for 126 gold pieces
 22848 | Orc:2    | Reached skill level 1 in Shields
 22852 | Orc:2    | Found Xulaamew's General Store.
 22902 | Orc:2    | Found Ysouh's Antique Weapon Boutique.
 22980 | Orc:2    | Noticed an orc warlord
 22990 | Orc:2    | Killed an orc warlord
 23020 | Orc:2    | Found Gorheneu's Book Shoppe.
 23147 | Orc:2    | Found a staircase to the Elven Halls.
 23161 | Orc:2    | Noticed an orc warlord
 23168 | Orc:2    | Killed an orc warlord
 24041 | D:13     | Found Uteon's Book Emporium.
 25138 | D:14     | Found Heetitt's Food Shop.
 25271 | D:15     | Entered Level 15 of the Dungeon
 25999 | D:15     | Found a staircase to the Depths.
 26151 | D:15     | Found a runed door.
 26683 | D:15     | Reached XP level 15. HP: 134/134 MP: 20/30
 27045 | D:15     | Reached skill level 5 in Shields
 27393 | Lair:1   | Upgraded the game from 0.21-a0-207-g4a9efaf to 0.21-a0-210-gbfa5647
 27423 | Lair:2   | Noticed Urug
 27437 | Lair:2   | Killed Urug
 27501 | Snake:1  | Entered Level 1 of the Snake Pit
 28041 | Snake:1  | Reached skill level 10 in Short Blades
 28326 | Snake:2  | Reached skill level 15 in Necromancy
 28369 | Snake:2  | Noticed a nagaraja
 28470 | Snake:2  | Noticed Roxanne
 28493 | Snake:2  | Killed Roxanne
 28498 | Snake:2  | Identified Roxanne's Almanac of Stones (You took it off Roxanne on level 2 of the Snake Pit)
 29106 | Snake:2  | Noticed a nagaraja
 29382 | Snake:2  | Killed a nagaraja
 29617 | Snake:2  | Killed a nagaraja
 29618 | Snake:2  | Found Kurroff's Weapon Emporium.
 29621 | Snake:2  | Found Maeleess's Antique Armour Shoppe.
 29621 | Snake:2  | Found Pabrucil's Magic Scroll Emporium.
 29680 | Snake:2  | Found Daytrif's Distillery.
 29683 | Snake:2  | Bought a scroll of fear for 49 gold pieces
 29683 | Snake:2  | Bought a scroll of teleportation for 42 gold pieces
 29683 | Snake:2  | Bought a scroll of teleportation for 42 gold pieces
 29686 | Snake:2  | Bought a potion of magic for 104 gold pieces
 30097 | Snake:3  | Found Heraa's Magic Scroll Shoppe.
 30105 | Snake:3  | Bought a scroll of teleportation for 39 gold pieces
 30497 | Snake:4  | Entered Level 4 of the Snake Pit
 30789 | Swamp:1  | Entered Level 1 of the Swamp
 30981 | Elf:1    | Entered Level 1 of the Elven Halls
 31110 | D:8      | Bought a book of Unlife for 715 gold pieces
 31117 | D:8      | Learned a level 6 spell: Simulacrum
 31738 | Elf:1    | Found Ahinekk's Gadget Shoppe.
 31967 | Elf:1    | Reached XP level 16. HP: 101/144 MP: 26/31
 32112 | Elf:1    | Identified the Handbook of the Hells
 32614 | Elf:2    | Found Vihayd's Weapon Boutique.
 32737 | Elf:2    | Reached skill level 16 in Necromancy
 32980 | Elf:2    | Found a runed gate.
 32980 | Elf:2    | Found a runed gate.
 32980 | Elf:2    | Found a runed gate.
 34400 | Swamp:1  | Reached skill level 1 in Ice Magic
 35849 | Swamp:3  | Noticed a thorn hunter
 35854 | Swamp:3  | Killed a thorn hunter
 36296 | Swamp:4  | Entered Level 4 of the Swamp
 36376 | Swamp:4  | Noticed a thorn hunter
 36385 | Swamp:4  | Killed a thorn hunter
 36419 | Swamp:4  | Noticed a thorn hunter
 36431 | Swamp:4  | Killed a thorn hunter
 36844 | Swamp:4  | Noticed the 27-headed Lernaean hydra
 36861 | Swamp:4  | Reached XP level 17. HP: 131/154 MP: 10/33
 36865 | Swamp:4  | Killed the 27-headed Lernaean hydra
 36913 | Swamp:4  | Got a decaying rune of Zot
 37481 | Swamp:4  | Reached skill level 17 in Necromancy
 39114 | Snake:4  | epen: Вечер в хату
 39124 | Snake:4  | epen: опять на скучной хуйне играешь
 39125 | Snake:4  | namelastname112: лол
 39125 | Snake:4  | namelastname112: я блять нахуй
 39125 | Snake:4  | namelastname112: великий некромант
 39143 | Snake:4  | epen: Лорд оф даркнес
 39186 | Snake:4  | epen: Покажи жуков
 39192 | Snake:4  | namelastname112: вот
 39192 | Snake:4  | namelastname112: он заражен
 39202 | Snake:4  | namelastname112: оп
 39202 | Snake:4  | namelastname112: дук
 39202 | Snake:4  | namelastname112: жук
 39228 | Snake:4  | Got a serpentine rune of Zot
 40165 | D:14     | Killed Louise
 40309 | Vaults:1 | Entered Level 1 of the Vaults
 40320 | Vaults:1 | p0werm0de: !lg p0werm0de
 40321 | Vaults:1 | beem: 7150. p0werm0de the Fighter (L12 DrWz of Dithmenos), mangled by a sea snake on Lair:6 (gammafunk_lair_ancient_temple) on 2017-08-21 19:23:16, with 25104 points after 9466 turns and 0:50:18.
 40323 | Vaults:1 | p0werm0de: ;/
 40323 | Vaults:1 | namelastname112: sneked agaib
 40326 | Vaults:1 | p0werm0de: fk snakes!!
 40353 | Vaults:1 | p0werm0de: was purpel yo
 40390 | Vaults:1 | Found Wiwuock's Jewellery Emporium.
 40655 | Vaults:1 | Reached skill level 15 in Fighting
 40997 | Vaults:1 | Reached skill level 18 in Necromancy
 41162 | Vaults:1 | Found Qiffigimug's Food Shoppe.
 41175 | Vaults:1 | Found Sim Wolueng's Magic Scroll Shoppe.
 41321 | Vaults:1 | HP: 5/156 [wolf spider (17)]
 41321 | Vaults:1 | Slain by a wolf spider

Vault maps used:
D:1:      dpeg_arrival_three_smaller_balls, st_stairs_14
D:2:      first_bread, kennysheep_generic_room_2
D:3:      elyvilon_altar_3
D:4:      lemuel_castle_with_subvaults, serial_bayou_lagoon_a, uniq_robin
D:5:      minivault_23
D:6:      minmay_temple_entry_large_hall, hangedman_decor_opposing
D:7:      lemuel_round_altar, nicolae_overflow_hidden_temple, lemuel_tele_altar
D:8:      enter_bailey_3, serial_shops, kennysheep_mini_moat
D:9:      basic_altar
D:10:     grunt_ogre_cave, minmay_variable_closet
D:11:     grunt_lair_entry_orc_guard_hut, lemuel_oklob_altar
D:12:     minmay_orc_entry_temple_small, serial_shops, shop,
          portal_ice_cave_entry_pillars_1
D:13:     lab_entry_generic, serial_shops, shop_fountains, shop,
          nicolae_shop_behind_doors, shop, nicolae_shop_trees, uniq_azrael
D:14:     david_vaults_2, serial_shops, shop, nicolae_ru_sacrificial_ziggurat,
          uniq_louise
D:15:     grunt_enter_depths_snipers, wad_hexagon
Temple:   dpeg_five_rooms_temple
Lair:1:   st_stairs_12, patterned_corridor, grunt_megastairs_4
Lair:2:   swamp_mist, uniq_nergalle, uniq_urug
Lair:4:   guppyfry_snake_entry_island, lemuel_centaur_altar, uniq_harold
Lair:5:   kilobyte_rumbling_trees, wad_woods_river_01,
          minmay_lair_oklob_chamber, lemuel_fruit_fields
Lair:6:   minmay_lair_end_enchanted_forest, slime_altar_2
Swamp:1:  evilmike_swamp_ruin_wall, swamp_pool2
Swamp:2:  hangedman_swamp_ruin_wall, swamp_pool5, infiniplex_staircase_pool
Swamp:3:  evilmike_swamp_ruin_rubble_1
Swamp:4:  swamp_old_school, swamp_pool3
Snake:1:  cheibrodos_forgotten_conduit, nicolae_large_snake_swirl
Snake:2:  statue_in_the_mist_lemuel, hangedman_snake_corridor_cut,
          minmay_shoptagon, uniq_roxanne
Snake:3:  serial_shops, shop, serial_bayou_pond_e, st_stairs_1, spider_trap
Snake:4:  snake_pit, hangedman_snake_corridor_split
Orc:1:    minmay_orc_barracks
Orc:2:    grunt_orc_gardens, grunt_orc_garden, grunt_orc_garden,
          grunt_orc_garden, grunt_orc_garden
Elf:1:    minmay_elf_arrival_summoners, serial_shops, shop, minmay_elf_sorcery
Elf:2:    serial_shops, shop, lemuel_elevator
Vaults:1: ontoclasm_vaults_twist, vaults_room_guarded_vault, v_alt_pattern_1,
          v_misc_13, ontoclasm_vaults_chip, vaults_mumra_minichess, v_misc_1,
          vaults_mumra_hex, hangedman_vaults_nodes, v_misc_10, serial_shops,
          shop_statue, nicolae_shop_statue_plus, shop
Bailey:   bailey_polearm_flooded_kennysheep, bailey
IceCv:    ice_cave_caverns_02

Skill      XL: |  1  2  3  4  5  6  7  8  9 10 11 12 13 14 15 16 17 |
---------------+----------------------------------------------------+-----
Dodging        | 2 3 4 5 7 8 9 10 11 12 13 | 13.1
Fighting       | 1 2 3 4 5 6 8 9 10 11 12 13 14 15 | 15.2
Spellcasting   | 3 4 5 6 7 8 9 10 11 12 13 | 13.2
Necromancy     | 5 6 7 8 9 11 12 13 14 15 16 18 | 18.0
Maces & Flails | 1 |  1.4
Short Blades   | 2 4 6 8 9 10 11 | 11.0
Shields        | 4 5 |  5.0
Ice Magic      | 3 |  3.8
Stealth        | |  1.7

Action                   |  1- 3 |  4- 6 |  7- 9 | 10-12 | 13-15 | 16-18 || total
-------------------------+-------+-------+-------+-------+-------+-------++-------
Melee: Unarmed           |    14 |       |       |       |       |       ||    14
       Tailslap          |     6 |    30 |    40 |   119 |   137 |    91 ||   423
       Hand axe          |    41 |       |       |       |       |       ||    41
       Dagger            |     4 |   133 |       |   579 |  1147 |   819 ||  2682
       Quarterstaff      |       |     5 |   472 |    96 |       |       ||   573
       Whip              |       |       |       |    80 |       |       ||    80
       Scimitar          |       |       |       |       |     7 |       ||     7
       Staff             |       |       |       |       |    10 |       ||    10
Throw: Throwing net      |       |       |       |       |     1 |       ||     1
 Cast: Pain              |    75 |    38 |       |       |       |       ||   113
       Animate Skeleton  |     2 |    10 |    18 |    40 |    66 |    17 ||   153
       Vampiric Draining |       |    12 |    42 |   108 |   182 |    82 ||   426
       Regeneration      |       |     3 |     2 |    17 |    75 |    59 ||   156
       Animate Dead      |       |       |     1 |    20 |    28 |    38 ||    87
       Death Channel     |       |       |       |    14 |    42 |    32 ||    88
       Dispel Undead     |       |       |       |    14 |     9 |    14 ||    37
       Infestation       |       |       |       |       |    34 |    28 ||    62
       Simulacrum        |       |       |       |       |       |    48 ||    48
Invok: Receive Corpses   |       |       |       |     7 |     2 |    23 ||    32
       Receive Necronomi |       |       |       |       |     1 |       ||     1
 Abil: Evoke Berserk Rag |       |     1 |       |       |       |       ||     1
       Breathe Noxious F |       |       |    17 |    15 |    27 |    11 ||    70
Evoke: Wand              |       |       |       |     1 |     6 |     1 ||     8
  Use: Scroll            |     8 |       |    10 |    13 |    18 |     6 ||    55
       Potion            |       |       |     4 |       |     6 |     1 ||    11
 Stab: Sleeping          |       |     1 |     7 |     4 |     4 |     1 ||    17
       Confused          |       |       |     3 |     7 |    19 |     4 ||    33
       Distracted        |       |       |       |     4 |     8 |     9 ||    21
  Eat: Chunk             |     5 |     8 |    18 |    35 |    61 |    35 ||   162
       Royal jelly       |       |     1 |     1 |     1 |     8 |     6 ||    17
       Meat ration       |       |       |     2 |     1 |     6 |     6 ||    15
       Fruit             |       |       |       |       |       |     2 ||     2
Armor: Skin              |    30 |    55 |   182 |   263 |   263 |   128 ||   921
Dodge: Dodged            |    66 |    90 |   460 |   733 |   924 |   504 ||  2777
Block: Buckler           |       |       |       |       |    95 |   229 ||   324
       Rpst.: Scimitar   |       |       |       |       |     2 |       ||     2

Table legend:
 A = Spawn XP
 B = Non-spawn XP
 C = Spawn XP percentage of total XP
 D = Spawn monster count
 E = Non-spawn monster count
 F = Spawn count percentage of total count
 G = Total turns spent on level
                    A         B        C        D         E        F      G
               +---------+---------+-------+---------+---------+-------+---------
         Total |   16655 |  166349 |   9.1 |      54 |     495 |   9.8 | 13928
               +---------+---------+-------+---------+---------+-------+---------
          D:14 |       3 |    2954 |   0.1 |       1 |       9 |  10.0 |   165
        Lair:2 |     157 |     824 |  16.0 |       1 |       1 |  50.0 |   214
       Swamp:1 |       0 |    6187 |   0.0 |       0 |      20 |   0.0 |   707
       Swamp:2 |    2201 |    7360 |  23.0 |       8 |      38 |  17.4 |  1026
       Swamp:3 |    2147 |    6837 |  23.9 |       3 |      22 |  12.0 |   751
       Swamp:4 |    4237 |   20748 |  17.0 |      17 |      49 |  25.8 |  1746
       Snake:1 |     768 |   10264 |   7.0 |       3 |      35 |   7.9 |   862
       Snake:2 |    2754 |   14463 |  16.0 |       9 |      48 |  15.8 |  1714
       Snake:3 |    1548 |    9038 |  14.6 |       6 |      34 |  15.0 |   745
       Snake:4 |    2372 |   31037 |   7.1 |       5 |      94 |   5.1 |  1586
         Orc:2 |       0 |     517 |   0.0 |       0 |       1 |   0.0 |   359
         Elf:1 |     468 |   14050 |   3.2 |       1 |      35 |   2.8 |  1251
         Elf:2 |       0 |   12940 |   0.0 |       0 |      25 |   0.0 |  1090
      Vaults:1 |       0 |   29130 |   0.0 |       0 |      84 |   0.0 |  1012
               +---------+---------+-------+---------+---------+-------+---------
